AoeStats
← Blyad _Mann

Nomad

510105293Analyzed
4v4 RM · 3d ago on Sep 29, 2026· 51m 46s· 8 players
Game mode
Random Map
Map size
231×231
Population
200
Speed
Normal
Resources
Standard
Victory
Conquest
Starting age
Dark Age
Ending age
Imperial Age
RankedLock teamsTeams togetherTeam positionsShared explorationLock speedFull tech treeHidden civsTurbo modeCheats
Victory
Defeat
🇨🇳 Japanese · China
1026
+12
🇨🇳 Huns · China
1007
+13
🇨🇳 Malay · China
924
+16
🇭🇰 Persians · Hong Kong SAR China
915
+16
🇻🇳 Magyars · Vietnam
952
-15
🇳🇱 Varangians · Netherlands
938
-15
🇻🇳 Vietnamese · Vietnam
930
-14
🇨🇳 Bulgarians · China
899
-13
Katun
5:26 Loom
16:42 Feudal Age
17:51 Horse Collar
17:58 Double-Bit Axe
22:15 Scale Barding Armor
27:46 Castle Age
26:07 Stone Mining
27:20 Gold Mining
28:57 Chain Barding Armor
28:07 Light Cavalry
39:52 Imperial Age
37:33 Heavy Plow
37:45 Bow Saw
37:52 Corvinian Army
39:47 Wheelbarrow
41:08 Conscription
40:59 Husbandry
41:09 Bloodlines
41:22 Hussar
43:36 Elite Magyar Huszar
45:17 Plate Barding Armor
Peaky Blinders
4:32 Loom
14:58 Feudal Age
21:11 Castle Age
20:11 Double-Bit Axe
20:10 Horse Collar
28:30 Heavy Plow
28:42 Bow Saw
37:34 Imperial Age
35:13 Fletching
35:23 Padded Archer Armor
36:07 Wheelbarrow
35:18 Town Watch
35:30 Gold Mining
35:56 Arson
36:12 Squires
37:07 Thumb Ring
37:26 Pikeman
38:36 Bodkin Arrow
39:01 Hand Cart
39:32 Paper Money
40:31 Bracer
40:47 Leather Archer Armor
40:10 Elite Rattan Archer
41:43 Stone Mining
44:07 Ring Archer Armor
45:01 Ballistics
45:42 Chemistry
46:23 Halberdier
观月
4:47 Loom
18:12 Feudal Age
31:36 Castle Age
29:24 Double-Bit Axe
33:02 Wheelbarrow
33:00 Scale Barding Armor
34:33 Chain Barding Armor
Blyad _Mann
3:31 Loom
3:36 Loom
16:55 Feudal Age
20:40 Double-Bit Axe
25:35 Castle Age
24:16 Gold Mining
25:05 Stone Mining
27:09 Bow Saw
30:36 Wheelbarrow
31:11 Scale Barding Armor
31:16 Forging
30:59 Horse Collar
31:49 Forging
37:49 Imperial Age
35:29 Squires
35:17 Gambesons
35:42 Heavy Plow
36:35 Iron Casting
36:01 Scale Mail Armor
36:08 Scale Mail Armor
37:56 Gothikon
38:56 Conscription
39:24 Chain Mail Armor
40:56 Elite Varangian Guard
43:15 Hand Cart
45:37 Blast Furnace
45:07 Plate Mail Armor
就墨子
10:06 Loom
12:37 Feudal Age
16:19 Scale Barding Armor
31:34 Castle Age
38:09 Bloodlines
43:13 Imperial Age
42:13 Wheelbarrow
42:16 Fletching
42:27 Padded Archer Armor
43:10 Gold Mining
43:46 Ballistics
46:27 Parthian Tactics
46:40 Hand Cart
48:12 Leather Archer Armor
47:53 Bodkin Arrow
szsigy
6:51 Loom
15:53 Feudal Age
20:15 Castle Age
27:31 Gold Mining
30:28 Double-Bit Axe
34:33 Imperial Age
33:24 Wheelbarrow
32:43 Stone Mining
32:49 Horse Collar
33:09 Arson
34:05 Bow Saw
34:22 Conscription
33:55 Pikeman
34:50 Squires
35:39 Heavy Plow
36:22 Stone Shaft Mining
37:03 Hand Cart
36:23 Man-at-Arms
38:26 Forced Levy
37:50 Long Swordsman
38:09 Halberdier
38:56 Two-Handed Swordsman
40:53 Crop Rotation
40:47 Forging
41:09 Coinage
41:03 Ballistics
40:47 Fletching
41:41 Gold Shaft Mining
41:45 Treadmill Crane
44:53 Iron Casting
47:27 Blast Furnace
51:34 Town Watch
52:03 Bodkin Arrow
52:40 Banking
52:07 Murder Holes
PacificKempeitai
6:08 Loom
7:06 Loom
9:55 Loom
16:24 Feudal Age
16:49 Double-Bit Axe
16:56 Gold Mining
17:09 Fishing Lines
19:50 Wheelbarrow
23:12 Castle Age
22:07 Bloodlines
22:09 Forging
22:06 Scale Barding Armor
23:24 Fletching
24:22 Bodkin Arrow
24:43 Husbandry
24:26 Light Cavalry
25:08 Gillnets
26:47 Thumb Ring
29:15 Iron Casting
29:45 Chain Barding Armor
30:58 Padded Archer Armor
31:31 Pikeman
32:11 Squires
32:39 Treadmill Crane
33:21 Ballistics
32:41 Treadmill Crane
38:38 Imperial Age
36:23 Hand Cart
35:53 Town Watch
36:01 Arson
38:08 Medium Warships
38:02 Scale Mail Armor
38:54 Gold Shaft Mining
38:12 Stone Mining
38:43 Gambesons
38:18 Man-at-Arms
39:16 Guard Tower
39:37 Masonry
39:44 Chain Mail Armor
40:36 Chemistry
40:55 Heavy Warships
40:38 Heavy Cavalry Archer
42:59 Bow Saw
43:20 Halberdier
46:00 Parthian Tactics
45:50 Bracer
46:06 Leather Archer Armor
45:58 Siege Engineers
46:55 Blast Furnace
46:25 Plate Mail Armor
46:19 Kataparuto
46:20 Conscription
45:21 Elite Samurai
48:01 Guard Tower
47:56 Arrowslits
48:22 Masonry
48:24 Careening
48:12 Murder Holes
49:29 Hoardings
49:25 Yasama
50:27 Keep
49:52 Murder Holes
50:19 Shipwright
50:09 Clinker Construction
50:10 Careening
51:03 Two-Man Saw
旺旺
14:30 Feudal Age
15:12 Double-Bit Axe
21:51 Castle Age
19:48 Stone Mining
19:42 Horse Collar
20:17 Gold Mining
22:42 Bow Saw
22:35 Heavy Plow
33:02 Imperial Age
31:48 Wheelbarrow
33:49 Crop Rotation
33:57 Hand Cart
36:17 Arson
36:33 Squires
35:53 Pikeman
37:23 Scale Mail Armor
37:29 Scale Barding Armor
38:23 Halberdier
46:19 Chain Barding Armor
46:10 Forging
46:15 Chain Mail Armor
46:45 Husbandry
46:55 Bloodlines
48:20 Two-Man Saw
46:45 Cavalier
49:58 Plate Barding Armor
49:59 Iron Casting
51:40 Plate Mail Armor
Connection lost

Rejoining the realm…

Still unreachable

The connection could not be restored.

Session expired

The server has moved on; the page needs a fresh start.